 Dungeon Crawl Stone Soup version 0.25.0-46-gbd7b085 (webtiles) character file.

Game seed: 16220776436133292875

1828 Billymom2 the Cleaver (level 9, -5/75 HPs)
             Began as a Hill Orc Fighter on July 13, 2020.
             Was a Believer of Wu Jian.
             Slain by a killer bee (6 damage)
             ... on level 6 of the Dungeon.
             The game lasted 00:31:13 (7976 turns).

Billymom2 the Cleaver (Hill Orc Fighter)            Turns: 7976, Time: 00:31:14

Health: -5/75      AC:  8    Str: 20    XL:     9   Next: 11%
Magic:  9/9        EV: 11    Int: 10    God:    Wu Jian [**....]
Gold:   140        SH:  0    Dex: 20    Spells: 8/8 levels left

rFire    + . .     SeeInvis +   l - +0 executioner's axe
rCold    x . .     Gourm    .   (shield currently unavailable)
rNeg     . . .     Faith    +   b - +0 scale mail
rPois    .         Spirit   .   (helmet restricted)
rElec    .         Reflect  .   i - scarf {repulsion}
rCorr    .         Harm     .   (no gloves)
MR       .....                  (no boots)
Stlth    ..........             e - amulet of Rameawad {Faith Int+2 Dex+4 Stlth-}
HPRegen  0.22/turn              n - ring of fire
MPRegen  0.11/turn              d - +6 ring of dexterity

@: lethally poisoned (-5 -> -39), repel missiles
A: horns 1, see invisible, weak 1
a: Wall Jump, Renounce Religion


You were on level 6 of the Dungeon.
You worshipped Wu Jian.
Wu Jian was pleased with you.
You were not hungry.

You visited 2 branches of the dungeon, and saw 8 of its levels.

You collected 250 gold pieces.
You spent 110 gold pieces at shops.

Inventory:

Hand Weapons
 a - a +0 war axe
 l - a +0 executioner's axe (weapon)
 q - a +2 whip of freezing
Missiles
 k - 20 poisoned darts (quivered)
Armour
 b - a +0 scale mail (worn)
 c - a +2 kite shield
 g - a scarf of harm
 i - a scarf of repulsion (worn)
Jewellery
 d - a +6 ring of dexterity (right hand)
 e - the amulet of Rameawad (around neck) {Faith Int+2 Dex+4 Stlth-}
   (You found it on level 6 of the Dungeon)

   [amulet of faith]

   It allows you to gain divine favour quickly.
   It affects your intelligence (+2).
   It affects your dexterity (+4).
   It makes you less stealthy.
 n - a ring of fire (left hand)
 o - a cursed -4 ring of intelligence
 p - an uncursed amulet of magic regeneration
Wands
 s - a wand of iceblast (6)
Scrolls
 m - 3 scrolls of remove curse
 u - 4 scrolls of amnesia
Potions
 t - 2 potions of curing
Comestibles
 f - 2 rations


   Skills:
 + Level 5.8 Fighting
 + Level 9.9 Axes
 + Level 0.8 Throwing
 + Level 7.5 Armour
 + Level 2.3 Dodging
 + Level 0.6 Stealth
 + Level 5.0 Shields


You had 8 spell levels left.
You didn't know any spells.
Your spell library was empty.

Dungeon Overview and Level Annotations

Branches:
Dungeon (7/15)             Temple (1/1) D:4

Altars:
Ashenzari
Cheibriados
Dithmenos
Elyvilon
Gozag
Hepliaklqana
Kikubaaqudgha
Makhleb
Nemelex Xobeh
Ru
Sif Muna
Trog
Uskayaw
Vehumet
Wu Jian
Xom
Yredelemnul
Zin

Shops:
D:5 *

Annotations:
D:5 Prince Ribbit


Innate Abilities, Weirdness & Mutations

You have a pair of small horns on your head.
You have supernaturally acute eyesight. (SInv)
You are weak. (Str -2)


Message History

You are more poisoned.
The killer bee poisons you! The killer bee stings you.
* * * LOW HITPOINT WARNING * * *
You are more poisoned.
The killer bee poisons you!
The killer bee stings you but does no damage.
The killer bee stings you!
* * * LOW HITPOINT WARNING * * *
You are more poisoned.
The killer bee poisons you!
The killer bee stings you but does no damage.
The killer bee stings you!
* * * LOW HITPOINT WARNING * * *
You spin and attack the killer bee.
You miss the killer bee. Your headbutt misses the killer bee.
* * * LOW HITPOINT WARNING * * *
You feel very sick.
The killer bee stings you but does no damage.
The killer bee stings you.
You die...

...#.#..###.#.#.........<#
#...........#.#..........#
.#.#.#....#.........######
.#..........###..#..#
.##..............#..#
.##.....###.#....#..#
.###.............#..#
................yy..#
.##.#....###.###@####
.##<#............#
..####.#####.###.#
.............# #.#
........###..# #.#
..........#..# #.#
..........#..# #.########
.......#.....###........#
..###+##.#......#######.#


You could see 2 killer bees.

Vanquished Creatures
  2 phantoms
  An ice beast (D:5)
  2 centaurs (D:6)
  2 ogres
  3 bullfrogs
  2 scorpions
  2 killer bees
  2 crimson imps (D:6)
  A quasit (D:6)
  2 bullfrog zombies
  3 hounds
  A centaur skeleton (D:4)
  3 bullfrog skeletons
  A jelly (D:5)
  2 orc wizards
  Ijyb (D:3)
  6 worker ants
  A hound zombie (D:6)
  A hound skeleton (D:3)
  8 adders
  3 gnolls (D:4)
  A shadow imp (D:5)
  An ooze (D:3)
  An adder zombie (D:5)
  2 worms
  A dart slug (D:2)
  2 leopard geckos
  13 orcs
  A ball python (D:4)
  6 bats
  4 giant cockroaches
  8 goblins
  7 hobgoblins
  5 jackals
  11 kobolds
  3 quokkas
  A ball python zombie (D:5)
  5 frilled lizards
  A jackal zombie (D:5)
  A quokka skeleton (D:6)
  A quokka zombie (D:5)
  3 rats (D:2)
127 creatures vanquished.

Notes
Turn   | Place    | Note
-------+----------+-------------------------------------------
     0 | D:1      | Billymom2 the Hill Orc Fighter began the quest for the Orb.
     0 | D:1      | Reached XP level 1. HP: 19/19 MP: 1/1
   414 | D:1      | Reached XP level 2. HP: 27/27 MP: 2/2
   923 | D:2      | Gained mutation: You are weak. (Str -2) [potion of
                  | mutation]
   923 | D:2      | Gained mutation: You have supernaturally acute eyesight.
                  | (SInv) [potion of mutation]
   923 | D:2      | Gained mutation: You have a pair of small horns on your
                  | head. [potion of mutation]
   947 | D:2      | Reached skill level 3 in Axes
  1097 | D:2      | Reached XP level 3. HP: 33/33 MP: 3/3
  1199 | D:2      | Noticed a bullfrog
  1209 | D:2      | Killed a bullfrog
  1209 | D:2      | Reached skill level 4 in Axes
  1209 | D:2      | Reached skill level 1 in Dodging
  1209 | D:2      | Reached XP level 4. HP: 28/40 MP: 4/4
  1637 | D:2      | Reached XP level 5. HP: 46/46 MP: 5/5
  1772 | D:2      | Found a snail-covered altar of Cheibriados.
  2433 | D:3      | Reached skill level 5 in Axes
  2514 | D:3      | Noticed Ijyb
  2520 | D:3      | Killed Ijyb
  2562 | D:3      | Reached XP level 6. HP: 42/52 MP: 6/6
  2709 | D:3      | Found a faded altar of an unknown god.
  2722 | D:3      | Became a worshipper of the Wu Jian Council
  2722 | D:3      | Reached * piety under Wu Jian
  3489 | D:4      | Found a staircase to the Ecumenical Temple.
  3601 | Temple   | Entered the Ecumenical Temple
  3798 | D:4      | Reached skill level 6 in Axes
  3907 | D:4      | Found a burning altar of Makhleb.
  3910 | D:4      | Reached XP level 7. HP: 60/60 MP: 7/7
  3941 | D:4      | Reached skill level 5 in Armour
  4082 | D:4      | Found a bloodstained altar of Trog.
  4082 | D:4      | Found a glowing silver altar of Zin.
  4083 | D:4      | Found a shimmering altar of Xom.
  4555 | D:4      | Reached skill level 7 in Axes
  4874 | D:5      | Entered Level 5 of the Dungeon
  4903 | D:5      | Noticed Prince Ribbit
  5210 | D:5      | Found Gewylow's Mayhem Merchandise.
  5225 | D:5      | Bought a +0 executioner's axe for 110 gold pieces
  5312 | D:5      | Reached XP level 8. HP: 50/67 MP: 8/8
  5676 | D:5      | Reached skill level 5 in Fighting
  5764 | D:5      | Reached skill level 5 in Shields
  5770 | D:5      | Reached ** piety under Wu Jian
  6196 | D:6      | Reached skill level 8 in Axes
  6237 | D:6      | Found a hide-covered altar of Uskayaw.
  6446 | D:6      | Found a sacrificial altar of Ru.
  6476 | D:6      | Got a glittering sapphire amulet
  6480 | D:6      | Identified the amulet of Rameawad {Faith Int+2 Dex+4
                  | Stlth-} (You found it on level 6 of the Dungeon)
  6803 | D:6      | Found a white marble altar of Elyvilon.
  6832 | D:6      | Reached skill level 9 in Axes
  7440 | D:6      | Reached XP level 9. HP: 48/75 MP: 9/9
  7564 | D:7      | HP: 3/75 [ogre/+0 giant spiked club (16)]
  7976 | D:6      | HP: 1/75 [poisoned by a killer bee]
  7976 | D:6      | Slain by a killer bee

Illustrated notes

Levels and vault maps discovered:
D:1:      lightli_arrival_noodles, layout_basic
D:2:      layout_basic, lemuel_doored_altar, minmay_divided_ellipse
D:3:      layout_loops_corners, chequers_ecumenical_altar_grove, uniq_ijyb
D:4:      layout_loops_ring, gammafunk_temple_overflow_claw,
          lightli_temple_of_fire, minmay_temple_entry_antechambers, first_ration
D:5:      layout_cave_pools, st_stairs_2, minmay_shop_mayhem,
          uniq_prince_ribbit1
D:6:      layout_basic, nicolae_overflow_hidden_temple,
          grunt_temple_overflow_open
D:7:      layout_loops_ring, chequers_temple_overflow_minitemple,
          gammafunk_ghost_hive
Temple:   dpeg_three_leaves_temple

Skill      XL: |  1  2  3  4  5  6  7  8 |
---------------+-------------------------+-----
Axes           | 3 4 5 6 7 9 |  9.9
Fighting       | 4 5 |  5.8
Armour         | 4 5 7 |  7.5
Dodging        | 1 2 |  2.3
Shields        | 4 5 |  5.0
Throwing       | |  0.8
Stealth        | |  0.6

Action                   |  1- 3 |  4- 6 |  7- 9 || total
-------------------------+-------+-------+-------++-------
Melee: War axe           |    89 |   138 |    64 ||   291
       Headbutt          |     7 |    16 |    41 ||    64
       Executioner's axe |       |       |   132 ||   132
Throw: Dart              |       |       |     3 ||     3
Invok: Lunge             |       |     3 |    11 ||    14
       Whirlwind         |       |       |    10 ||    10
 Abil: Wall Jump         |       |       |     1 ||     1
  Use: Potion            |     8 |       |     4 ||    12
       Scroll            |     5 |     4 |     8 ||    17
  Eat: Chunk             |     1 |     9 |     7 ||    17
       Ration            |       |       |     2 ||     2
Armor: Scale mail        |    67 |    45 |   103 ||   215
Dodge: Dodged            |    47 |    47 |   151 ||   245
       Repelled          |       |       |    11 ||    11
Block: Kite shield       |    59 |    72 |    33 ||   164
